3L
SEATTLE AVIATORS @ RICHARDSON CITY THUNDERCATS
08/31/2019
 
TOP OF THE 1ST
Seattle Aviators batting - Pitching for Richardson City Thundercats : RHP Cordell Wilson
Pitching: RHP Cordell Wilson
Batting: LHB Phil Parkinson 0-0: Ball
1-0: Called Strike
1-1: Ball
2-1: Ball
3-1: Base on Balls
Batting: RHB José Lozano 0-0: Ball
1-0: Called Strike
1-1: SINGLE (Line Drive, 34)
Phil Parkinson to second
Runner from 2nd tries for 3rd, SAFE, no throw or cutoff
Batting: RHB John MacGregor 0-0: Foul Ball, location: 2F
0-1: Ball
1-1: Swinging Strike
1-2: Ball
2-2: DOUBLE (Flyball, 8RXD)
Phil Parkinson scores
José Lozano to third
Batting: LHB Michael Greene 0-0: Foul Ball, location: 2F
0-1: 3-RUN HOME RUN (Flyball, 9D), Distance : 382 ft
Pitching: RHP Del Lamb
Batting: RHB Lane Rich 0-0: Ground out 6-3 (Groundball, 6)
Batting: LHB Salvador Vidal 0-0: Called Strike
0-1: Ball
1-1: Foul Ball, location: 2F
1-2: Ball
2-2: Foul Ball, location: 2F
2-2: DOUBLE (Groundball, 3L)
Pinch Runner at 2nd Nathan Santos:
Batting: SHB Dan Hunt 0-0: Ball
1-0: Ball
2-0: Called Strike
2-1: Foul Ball, location: 2F
2-2: SINGLE (Line Drive, 4MD)
Nathan Santos to third
Batting: LHB Vern Forrest 0-0: Foul Ball, location: 2F
0-1: Foul Ball, location: 2F
0-2: Foul Ball, location: 2F
0-2: Foul Ball, location: 2F
0-2: SINGLE (Flyball, 78S)
Nathan Santos scores
Dan Hunt to second
Batting: RHB Nathaniel O'Heyne 0-0: Bunt missed!
0-1: Bunt missed!
0-2: Bunted foul, Strikeout!
Batting: LHB Phil Parkinson 0-0: Foul Ball, location: 2F
0-1: Ball
1-1: SINGLE (Groundball, 4MD)
Dan Hunt to third
Vern Forrest to second
Runner from 3rd tries for Home, SAFE, no throw or cutoff
Pitching: RHP Stanley Neal
Batting: RHB José Lozano 0-0: Called Strike
0-1: SINGLE (Groundball, 6MD)
Vern Forrest to third
Phil Parkinson to second
Runner from 3rd tries for Home, SAFE, no throw or cutoff
Batting: RHB John MacGregor 0-0: Ball
1-0: Called Strike
1-1: Ball
2-1: Fielders Choice at 2nd, 6-4 (Groundball, 6)
Top of the 1st over - 7 run(s), 8 hit(s), 0 error(s), 1 left on base; Seattle 7 - Richardson City 0
BOTTOM OF THE 1ST
Richardson City Thundercats batting - Pitching for Seattle Aviators : RHP Nathaniel O'Heyne
Pitching: RHP Nathaniel O'Heyne
Now in LF: Nathan Santos
Batting: RHB Charles Jordan 0-0: Called Strike
0-1: Ball
1-1: Called Strike
1-2: Ground out 1-3 (Groundball, 13S)
Batting: LHB Terrence Eler 0-0: Foul Ball, location: 2F
0-1: Foul Ball, location: 2F
0-2: Ball
1-2: Ball
2-2: Foul Ball, location: 2F
2-2: Strikes out looking
Batting: RHB Joey Jones 0-0: Ball
1-0: Swinging Strike
1-1: Swinging Strike
1-2: Ball
2-2: Strikes out swinging
Bottom of the 1st over - 0 run(s), 0 hit(s), 0 error(s), 0 left on base; Seattle 7 - Richardson City 0
TOP OF THE 2ND
Seattle Aviators batting - Pitching for Richardson City Thundercats : RHP Stanley Neal
Batting: LHB Michael Greene 0-0: SINGLE (Line Drive, 4D)
Batting: RHB Lane Rich 0-0: Ball
1-0: Ground out 4-3 (Groundball, 4M)
Michael Greene to second
Batting: LHB Nathan Santos 0-0: Ball
Reached via error on a dropped throw, E1
Michael Greene to third
Batting: SHB Dan Hunt 0-0: Reached on error, E1 (Groundball, 15)
Michael Greene scores
Nathan Santos to second
Batting: LHB Vern Forrest 0-0: Called Strike
Nathan Santos is caught stealing 3rd base
0-1: Ground out 3-5 (Groundball, 3)
Top of the 2nd over - 1 run(s), 1 hit(s), 2 error(s), 1 left on base; Seattle 8 - Richardson City 0
BOTTOM OF THE 2ND
Richardson City Thundercats batting - Pitching for Seattle Aviators : RHP Nathaniel O'Heyne
Batting: LHB Andrés Ibarra 0-0: Fly out, F6 (Popup, 6MD)
Batting: RHB Jorge Gómez 0-0: Ball
1-0: Fly out, F8 (Flyball, 8LD)
Batting: RHB Robert O'Connor 0-0: Ball
1-0: Ball
2-0: Fly out, F9 (Flyball, 89S)
Bottom of the 2nd over - 0 run(s), 0 hit(s), 0 error(s), 0 left on base; Seattle 8 - Richardson City 0
TOP OF THE 3RD
Seattle Aviators batting - Pitching for Richardson City Thundercats : RHP Stanley Neal
Batting: RHB Nathaniel O'Heyne 0-0: Ball
1-0: Called Strike
1-1: Swinging Strike
1-2: Ball
2-2: Strikes out looking
Batting: LHB Phil Parkinson 0-0: Ball
1-0: Foul Ball, location: 2F
1-1: Ball
2-1: Swinging Strike
2-2: Foul Ball, location: 2F
2-2: Foul Ball, location: 2F
2-2: Ball
3-2: Strikes out swinging
Batting: RHB José Lozano 0-0: Called Strike
0-1: Swinging Strike
0-2: Ball
1-2: Foul Ball, location: 2F
1-2: Strikes out swinging
Top of the 3rd over - 0 run(s), 0 hit(s), 0 error(s), 0 left on base; Seattle 8 - Richardson City 0
BOTTOM OF THE 3RD
Richardson City Thundercats batting - Pitching for Seattle Aviators : RHP Nathaniel O'Heyne
Batting: RHB Jonathan Cook 0-0: Ball
1-0: Called Strike
1-1: DOUBLE (Line Drive, 78D)
Pinch Hitting: RHB Manuel Romo 0-0: Called Strike
0-1: Fly out, F8 (Flyball, 8LM)
Batting: RHB Ray Porch 0-0: Foul Ball, location: 2F
0-1: Ball
1-1: Ball
2-1: Ball
3-1: Ground out 3-1 (Groundball, 34S)
Jonathan Cook to third
Batting: RHB Charles Jordan 0-0: Ball
1-0: Fly out, F7 (Flyball, 7LM)
Bottom of the 3rd over - 0 run(s), 1 hit(s), 0 error(s), 1 left on base; Seattle 8 - Richardson City 0
TOP OF THE 4TH
Seattle Aviators batting - Pitching for Richardson City Thundercats : RHP Stanley Neal
Pitching: LHP Augusto Jaramillo
Batting: RHB John MacGregor 0-0: Called Strike
0-1: Ball
1-1: Ball
2-1: Ball
3-1: SINGLE (Line Drive, 78S)
Batting: LHB Michael Greene 0-0: Called Strike
0-1: Ball
1-1: Fly out, F7 (Flyball, 7LD)
Batting: RHB Lane Rich 0-0: Ball
1-0: Ball
2-0: Called Strike
2-1: SINGLE (Groundball, 6D)
John MacGregor to second
Batting: LHB Nathan Santos 0-0: Called Strike
0-1: Swinging Strike
0-2: Ball
1-2: Ball
2-2: Ball
3-2: Strikes out looking
Batting: SHB Dan Hunt 0-0: Foul Ball, location: 2F
0-1: Foul Ball, location: 2F
0-2: Ball
1-2: Ball
2-2: Foul Ball, location: 2F
2-2: Ball
3-2: Base on Balls
John MacGregor to third
Lane Rich to second
Batting: LHB Vern Forrest 0-0: Fly out, F8 (Flyball, 8LM)
Top of the 4th over - 0 run(s), 2 hit(s), 0 error(s), 3 left on base; Seattle 8 - Richardson City 0
BOTTOM OF THE 4TH
Richardson City Thundercats batting - Pitching for Seattle Aviators : RHP Nathaniel O'Heyne
Batting: LHB Terrence Eler 0-0: Foul Ball, location: 2F
0-1: Foul Ball, location: 2F
0-2: SOLO HOME RUN (Line Drive, 8LD), Distance : 443 ft
Batting: RHB Joey Jones 0-0: Called Strike
0-1: Ball
1-1: Ball
2-1: Foul Ball, location: 2F
2-2: Foul Ball, location: 2F
2-2: Ball
3-2: Base on Balls
Batting: LHB Andrés Ibarra 0-0: Ball
1-0: SINGLE (Flyball, 8RM)
Joey Jones to second
Batting: RHB Jorge Gómez 0-0: Called Strike
0-1: Foul Ball, location: 2F
0-2: Foul Ball, location: 2F
0-2: Foul Ball, location: 2F
0-2: Grounds into double play, 6-4-3 (Groundball, 6M)
Joey Jones to third
Batting: RHB Robert O'Connor 0-0: Ball
1-0: Ball
2-0: Called Strike
2-1: Called Strike
2-2: Ground out 4-3 (Groundball, 4)
Bottom of the 4th over - 1 run(s), 2 hit(s), 0 error(s), 1 left on base; Seattle 8 - Richardson City 1
TOP OF THE 5TH
Seattle Aviators batting - Pitching for Richardson City Thundercats : LHP Augusto Jaramillo
Batting: RHB Nathaniel O'Heyne 0-0: Called Strike
0-1: Ball
1-1: Foul Ball, location: 2F
1-2: Strikes out swinging
Batting: LHB Phil Parkinson 0-0: Called Strike
0-1: Ball
1-1: Ball
2-1: Ball
3-1: Ground out 4-3 (Groundball, 34)
Batting: RHB José Lozano 0-0: Called Strike
0-1: Ball
1-1: SINGLE (Groundball, 34D)
Batting: RHB John MacGregor 0-0: Ball
1-0: Ball
2-0: Ball
3-0: Base on Balls
José Lozano to second
Batting: LHB Michael Greene 0-0: Fly out, F7 (Flyball, 78XD)
Top of the 5th over - 0 run(s), 1 hit(s), 0 error(s), 2 left on base; Seattle 8 - Richardson City 1
BOTTOM OF THE 5TH
Richardson City Thundercats batting - Pitching for Seattle Aviators : RHP Nathaniel O'Heyne
Batting: RHB Jonathan Cook 0-0: Ball
1-0: Ball
2-0: Swinging Strike
2-1: Ground out 5-3 (Groundball, 56)
Batting: LHB Augusto Jaramillo 0-0: Ball
1-0: Ground out 4-3 (Groundball, 4)
Batting: RHB Ray Porch 0-0: SINGLE (Line Drive, 56D)
Batting: RHB Charles Jordan 0-0: Called Strike
0-1: Ball
1-1: Ball
2-1: Ball
3-1: SINGLE (Groundball, 6M)
Ray Porch to second
Runner from 2nd tries for 3rd, SAFE, throw made to third
Batting: LHB Terrence Eler 0-0: Foul Ball, location: 2F
0-1: Called Strike
0-2: Ball
1-2: Strikes out swinging
Bottom of the 5th over - 0 run(s), 2 hit(s), 0 error(s), 2 left on base; Seattle 8 - Richardson City 1
TOP OF THE 6TH
Seattle Aviators batting - Pitching for Richardson City Thundercats : LHP Augusto Jaramillo
Pitching: RHP Adrián Muńíz
Batting: RHB Lane Rich 0-0: Swinging Strike
0-1: Ball
1-1: Ball
2-1: Foul Ball, location: 2F
2-2: Fly out, F5 (Popup, 5SF)
Batting: LHB Nathan Santos 0-0: Ball
1-0: Ball
2-0: Foul Ball, location: 2F
2-1: Ball
3-1: Base on Balls
Batting: SHB Dan Hunt 0-0: Called Strike
0-1: Foul Ball, location: 2F
0-2: Ball
1-2: Fly out, F8 (Flyball, 8RM)
Batting: LHB Vern Forrest 0-0: Ball
Nathan Santos steals 2nd base
1-0: Ball
2-0: Called Strike
2-1: Fly out, F6 (Line Drive, 6)
Top of the 6th over - 0 run(s), 0 hit(s), 0 error(s), 1 left on base; Seattle 8 - Richardson City 1
BOTTOM OF THE 6TH
Richardson City Thundercats batting - Pitching for Seattle Aviators : RHP Nathaniel O'Heyne
Batting: RHB Joey Jones 0-0: Ball
1-0: Called Strike
1-1: SINGLE (Groundball, 25) (infield hit)
Batting: LHB Andrés Ibarra 0-0: SINGLE (Groundball, 34D)
Joey Jones to second
Runner from 2nd tries for 3rd, SAFE, throw made to third
Batting: RHB Jorge Gómez 0-0: Called Strike
0-1: Ball
1-1: Fly out, F7 (Flyball, 7LSF)
Runner from 3rd tags up, SCORES, no throw
Batting: RHB Robert O'Connor 0-0: Called Strike
0-1: DOUBLE (Flyball, 78D)
Andrés Ibarra to third
Batting: RHB Jonathan Cook 0-0: Called Strike
0-1: SINGLE (Groundball, 6MD)
Andrés Ibarra scores
Robert O'Connor to third
Runner from 3rd tries for Home, SAFE, throw made home
Pinch Hitting: RHB Júlio Morín 0-0: Ball
1-0: Called Strike
1-1: Ball
2-1: Ball
3-1: Base on Balls
Jonathan Cook to second
Batting: RHB Ray Porch 0-0: Called Strike
0-1: Ball
1-1: Ball
2-1: Grounds into double play, 5-4-3 (Groundball, 56)
Bottom of the 6th over - 3 run(s), 4 hit(s), 0 error(s), 1 left on base; Seattle 8 - Richardson City 4
TOP OF THE 7TH
Seattle Aviators batting - Pitching for Richardson City Thundercats : RHP Adrián Muńíz
Pitching: RHP Yusuke Saito
Pinch Hitting: RHB Vernon Caw 0-0: Ball
1-0: Ball
2-0: Ball
3-0: Called Strike
3-1: Base on Balls
Batting: LHB Phil Parkinson 0-0: Ball
1-0: Ball
2-0: Foul Ball, location: 2F
2-1: Fly out, F8 (Flyball, 8LS)
Batting: RHB José Lozano 0-0: Called Strike
0-1: Called Strike
0-2: SINGLE (Flyball, 8LS)
Vernon Caw to second
Batting: RHB John MacGregor 0-0: Ball
1-0: Ball
2-0: Ball
3-0: Base on Balls
Vernon Caw to third
José Lozano to second
Pitching: LHP Marcelino Freschi
Batting: LHB Michael Greene 0-0: Ball
1-0: Ball
2-0: Called Strike
2-1: Called Strike
2-2: Fly out, F3 (Popup, 2R)
Batting: RHB Lane Rich 0-0: Ball
1-0: Swinging Strike
1-1: Called Strike
1-2: Ball
2-2: Foul Ball, location: 2F
2-2: Foul Ball, location: 2F
2-2: Fly out, F3 (Line Drive, 3)
Top of the 7th over - 0 run(s), 1 hit(s), 0 error(s), 3 left on base; Seattle 8 - Richardson City 4
BOTTOM OF THE 7TH
Richardson City Thundercats batting - Pitching for Seattle Aviators : RHP Nathaniel O'Heyne
Pitching: RHP Alf Näsbom
Batting: RHB Charles Jordan 0-0: Ball
1-0: Ball
2-0: Ball
3-0: Called Strike
3-1: Base on Balls
Batting: LHB Terrence Eler 0-0: Called Strike
Charles Jordan steals 2nd base
0-1: Ball
1-1: Ball
2-1: Ball
3-1: Called Strike
3-2: Base on Balls
Batting: RHB Joey Jones 0-0: Called Strike
0-1: Ball
1-1: Ball
2-1: Swinging Strike
2-2: Foul Ball, location: 2F
2-2: Fly out, F9 (Flyball, 9M)
Batting: LHB Andrés Ibarra 0-0: Ball
1-0: Called Strike
1-1: Reached on error, E1 (Groundball, 15)
Charles Jordan to third
Terrence Eler to second
Batting: RHB Jorge Gómez 0-0: Called Strike
0-1: Ball
1-1: Foul Ball, location: 2F
1-2: Foul Ball, location: 2F
1-2: Foul Ball, location: 2F
1-2: Strikes out swinging
Batting: RHB Robert O'Connor 0-0: Fielders Choice at 2nd, 5-4 (Groundball, 5)
Bottom of the 7th over - 0 run(s), 0 hit(s), 1 error(s), 2 left on base; Seattle 8 - Richardson City 4
TOP OF THE 8TH
Seattle Aviators batting - Pitching for Richardson City Thundercats : LHP Marcelino Freschi
Pitching: RHP Dave Reed
Batting: LHB Nathan Santos 0-0: Ball
1-0: Swinging Strike
1-1: Swinging Strike
1-2: Strikes out looking
Batting: SHB Dan Hunt 0-0: Called Strike
0-1: Called Strike
0-2: Foul Ball, location: 2F
0-2: Ball
1-2: Strikes out swinging
Batting: LHB Vern Forrest 0-0: Ball
1-0: Foul Ball, location: 2F
1-1: Foul Ball, location: 2F
1-2: Ball
2-2: Ball
3-2: Strikes out looking
Top of the 8th over - 0 run(s), 0 hit(s), 0 error(s), 0 left on base; Seattle 8 - Richardson City 4
BOTTOM OF THE 8TH
Richardson City Thundercats batting - Pitching for Seattle Aviators : RHP Alf Näsbom
Batting: RHB Jonathan Cook 0-0: Ball
1-0: Ball
2-0: Fly out, F8 (Flyball, 8RM)
Batting: SHB Dave Reed 0-0: Called Strike
0-1: Ground out 4-3 (Groundball, 34)
Batting: RHB Ray Porch 0-0: Ball
1-0: Ground out 6-3 (Groundball, 6M)
Bottom of the 8th over - 0 run(s), 0 hit(s), 0 error(s), 0 left on base; Seattle 8 - Richardson City 4
TOP OF THE 9TH
Seattle Aviators batting - Pitching for Richardson City Thundercats : RHP Dave Reed
Pinch Hitting: RHB Craig Stewart 0-0: Foul Ball, location: 2F
0-1: Ground out 6-3 (Groundball, 6)
Batting: LHB Phil Parkinson 0-0: Called Strike
0-1: Foul Ball, location: 2F
0-2: Ball
1-2: Foul Ball, location: 2F
1-2: Ball
2-2: Strikes out swinging
Batting: RHB José Lozano 0-0: Ball
1-0: Ball
2-0: Ball
3-0: Base on Balls
Batting: RHB John MacGregor 0-0: Ball
1-0: Foul Ball, location: 2F
1-1: Called Strike
1-2: SINGLE (Flyball, 9S)
José Lozano to second
Runner from 2nd tries for 3rd, SAFE, throw made to third
John MacGregor to second
Batting: LHB Michael Greene 0-0: Ball
1-0: Called Strike
1-1: Ball
2-1: Ball
3-1: Foul Ball, location: 2F
3-2: Foul Ball, location: 2F
3-2: Base on Balls
Batting: RHB Lane Rich 0-0: Fly out, F8 (Flyball, 8RM)
Top of the 9th over - 0 run(s), 1 hit(s), 0 error(s), 3 left on base; Seattle 8 - Richardson City 4
BOTTOM OF THE 9TH
Richardson City Thundercats batting - Pitching for Seattle Aviators : RHP Alf Näsbom
Pitching: RHP Will Benton
Batting: RHB Charles Jordan 0-0: Called Strike
0-1: Ball
1-1: Foul Ball, location: 2F
1-2: Strikes out swinging
Batting: LHB Terrence Eler 0-0: Ball
1-0: SINGLE (Groundball, 4MD)
Batting: RHB Joey Jones 0-0: Called Strike
0-1: SINGLE (Groundball, 4MD)
Terrence Eler to second
Batting: LHB Andrés Ibarra 0-0: Ball
1-0: Foul Ball, location: 2F
1-1: Fly out, F6 (Popup, 6S)
Batting: RHB Jorge Gómez 0-0: Ball
1-0: Ground out 5-3 (Groundball, 5S)
Bottom of the 9th over - 0 run(s), 2 hit(s), 0 error(s), 2 left on base; Seattle 8 - Richardson City 4
This league is powered by Out of the Park Baseball, the baseball management simulation game for PC, Mac and Linux
Saturday, July 25th, 2015 - OOTP Baseball 15.6 Build 34